 Dungeon Sprint DCSS version 0.30-a0-1160-g6e42c06551 (webtiles) character file.

Game seed: 15458370730273657757

3700000 123456 the Plane Walker (level 20, -72/216 HPs)
             Began as a Ghoul Warper on Apr 26, 2023.
             Was the Champion of Makhleb.
             Annihilated by a destroyer
             ... wielding a +9 heavy great sword
              (189 damage)
             ... in the Dungeon (Sprint VIII: "Arena of Blood").
             The game lasted 00:00:56 (37 turns).

123456 the Plane Walker (Ghoul Warper)                Turns: 37, Time: 00:00:57

Health: -72/216    AC:  5    Str: 18    XL:     20   Next: 65%
Magic:  9/50       EV: 25    Int:  8    God:    Makhleb [******]
Gold:   0          SH:  0    Dex: 14    Spells: 73/73 levels left

rFire   . . .        h - +∞ Axe of Woe
rCold   + . .        (shield currently unavailable)
rNeg    + + +        a - +0 leather armour
rPois   ∞            (no helmet)
rElec   .            (no cloak)
rCorr   .            (no gloves)
SInv    .            (no boots)
Will    +....        (no amulet)
Stlth   +            (no ring)
HPRegen 0.00/turn    (no ring)
MPRegen 0.32/turn

%: no teleportation
@: inhibited regen
A: claws 1, cold resistance 1, negative energy resistance 3, inhibited
regeneration, torment resistance 2, devour on kill
a: Renounce Religion, Minor Destruction, Lesser Servant of Makhleb, Major
Destruction, Greater Servant of Makhleb


You were in the Dungeon.
You worshipped Makhleb.
Makhleb was exalted by your worship.
You visited 1 branch

Inventory:

Hand Weapons
 h - the +∞ Axe of Woe (weapon)
   (You found it in the Dungeon)
Missiles
 c - 7 boomerangs of dispersal (quivered)
Armour
 a - a +0 leather armour (worn)
Scrolls
 b - 2 scrolls of blinking
Potions
 d - a potion of curing
 e - a potion of heal wounds
 f - a potion of haste
 g - 2 potions of magic


   Skills:
 O Level 27 Fighting
 O Level 27 Axes
 + Level 17.2 Throwing
 + Level 17.0 Armour
 O Level 27 Dodging
 O Level 27 Unarmed Combat
 O Level 27 Spellcasting
 O Level 27 Translocations


You had 73 spell levels left.
You didn't know any spells.
Your spell library contained the following spells:

 Spells                   Type           Power      Damage    Failure   Level
 Blink                    Tloc           100%       N/A       0%          2
 Lesser Beckoning         Tloc           100%       N/A       0%          2
 Teleport Other           Tloc           52%        N/A       0%          3
 Manifold Assault         Tloc           52%        N/A       0%          4
 Vhi's Electric Charge    Tloc/Air       64%        N/A       1%          3


Dungeon Overview and Level Annotations

Branches:
Dungeon (1/1)

Altars:
Makhleb

Annotations:
D The Servant


Innate Abilities, Weirdness & Mutations

You are immune to poison.
You have sharp fingernails.
Your flesh is cold resistant. (rC+)
You are immune to negative energy. (rN+++)
You do not regenerate when monsters are visible.
You are immune to unholy pain and torment.
You thrive by killing the living.


Message History

Your Armour skill gained 2 levels and is now at level 14!
Your Dodging skill gained 2 levels and is now at level 26!
You have mastered Spellcasting!
Unknown command.
Unknown command.
You slice the meat berserker!!
You hew the meat berserker savagely.
You kill the meat berserker!
Makhleb accepts your kill.
You feel better.
You hear a shout! x8
A meat berserker comes into view. It is wielding a +9 battleaxe.
You hear a shout!
Your Throwing skill gained 3 levels and is now at level 17!
Your Armour skill gained 3 levels and is now at level 17!
You have mastered Dodging!
A destroyer comes into view. It is wielding a +9 heavy great sword.
Unknown command.
Unknown command.
Unknown command.
You hear a shout!
The meat berserker rages.
You hear a shout! x2
The destroyer points at you and mumbles some strange words.
The destroyer blinks!
You hear a shout!
A bag of meat comes into view. It is wielding a +9 war axe.
A meat berserker comes into view. It is wielding a +9 battleaxe.
The meat berserker closely misses you.
You hear a shout! x2; The destroyer shouts!
You hear a shout! x2
Things that are here:
a +9 great sword; a +250 ring of slaying Unknown command.
The meat berserker attacks as you move away!
The meat berserker hits you with a +9 battleaxe!!!!
The sculptor of flesh appears out of thin air!
A sculptor of flesh comes into view. It is wielding a +9 great sword.
You hear a shout!
The destroyer hits you with a +9 heavy great sword!!!!!
Ouch! That really hurt!
You die...

.###.. ...###.....
...z..###......oVo.
......_.......o.o.
#.....#...O...# .
#_)<)_#..o.....
....#..)))#.oO.§.#.
......._.))O.......
......###V)OOo....#
.###....o@)###.o...
#.O..o..# ..o.
#.oo.O.O#


.Oo ...@o...O. O. ....O...... . ..o......... ...o......##. #........#. .. You
could see The Servant, 2 destroyers, a sculptor of flesh, 10 meat berserkers and
12 bags of meat.

Vanquished Creatures
  2 vampire knights (D)
  15 ogres (D)
  11 orcs (D)
  A skeletal warrior (D)
29 creatures vanquished.

Notes
Turn   | Place    | Note
-------+----------+-------------------------------------------
     0 | D        | Found the +∞ Axe of Woe
     0 | D        | 123456 the Ghoul Warper began the quest for the Orb.
     0 | D        | Reached XP level 1. HP: 17/17 MP: 2/2
     2 | D        | Noticed a bag of meat
     4 | D        | Became a worshipper of Makhleb the Destroyer
     4 | D        | Noticed a bag of meat
     4 | D        | Noticed a bag of meat
     6 | D        | Noticed a bag of meat
     8 | D        | Noticed a meat berserker
     9 | D        | Killed a bag of meat
    10 | D        | Reached skill level 10 in Fighting
    10 | D        | Reached skill level 10 in Unarmed Combat
    10 | D        | Reached XP level 2. HP: 38/38 MP: 2/11
    10 | D        | Reached XP level 3. HP: 45/45 MP: 2/12
    10 | D        | Reached XP level 4. HP: 51/51 MP: 2/14
    10 | D        | Reached XP level 5. HP: 58/58 MP: 2/15
    10 | D        | Reached XP level 6. HP: 66/66 MP: 2/17
    10 | D        | Reached XP level 7. HP: 72/72 MP: 2/18
    10 | D        | Reached XP level 8. HP: 79/79 MP: 2/20
    10 | D        | Reached XP level 9. HP: 85/85 MP: 2/21
    10 | D        | Reached XP level 10. HP: 93/93 MP: 2/22
    10 | D        | Reached XP level 11. HP: 99/99 MP: 2/23
    10 | D        | Killed a bag of meat
    10 | D        | Reached * piety under Makhleb
    10 | D        | Killed a bag of meat
    10 | D        | Noticed a meat berserker
    10 | D        | Noticed a meat berserker
    11 | D        | Reached skill level 10 in Dodging
    11 | D        | Reached XP level 12. HP: 113/113 MP: 2/26
    11 | D        | Killed a meat berserker
    11 | D        | Killed a bag of meat
    11 | D        | Reached ** piety under Makhleb
    11 | D        | Noticed a bag of meat
    11 | D        | Noticed a bag of meat
    12 | D        | Reached skill level 15 in Fighting
    12 | D        | Reached XP level 13. HP: 126/126 MP: 2/29
    12 | D        | Reached XP level 14. HP: 135/135 MP: 2/30
    12 | D        | Noticed a meat berserker
    13 | D        | Killed a meat berserker
    13 | D        | Noticed a meat berserker
    14 | D        | Reached skill level 15 in Unarmed Combat
    14 | D        | Killed a meat berserker
    14 | D        | Noticed a bag of meat
    14 | D        | Noticed a meat berserker
    14 | D        | Noticed a meat berserker
    14 | D        | Noticed a bag of meat
    15 | D        | Reached XP level 15. HP: 94/147 MP: 3/32
    16 | D        | Reached *** piety under Makhleb
    17 | D        | Reached skill level 15 in Spellcasting
    17 | D        | Killed a meat berserker
    17 | D        | Noticed a meat berserker
    17 | D        | Noticed a destroyer
    18 | D        | Reached skill level 5 in Throwing
    18 | D        | Reached skill level 5 in Armour
    18 | D        | Killed a meat berserker
    18 | D        | Killed a meat berserker
    18 | D        | Reached **** piety under Makhleb
    19 | D        | Reached skill level 15 in Dodging
    19 | D        | Reached skill level 27 in Translocations
    19 | D        | Reached XP level 16. HP: 65/167 MP: 4/36
    19 | D        | Killed a meat berserker
    19 | D        | Noticed a meat berserker
    20 | D        | Reached XP level 17. HP: 127/178 MP: 4/38
    20 | D        | Killed a meat berserker
    21 | D        | Reached ***** piety under Makhleb
    22 | D        | Killed a destroyer
    22 | D        | Noticed a meat berserker
    23 | D        | Reached skill level 27 in Fighting
    23 | D        | Reached XP level 18. HP: 200/200 MP: 5/41
    24 | D        | Killed a meat berserker
    24 | D        | Noticed a meat berserker
    26 | D        | Noticed a meat berserker
    26 | D        | Noticed a destroyer
    27 | D        | Killed a meat berserker
    27 | D        | Noticed a destroyer
    27 | D        | Noticed a meat berserker
    27 | D        | Noticed a meat berserker
    28 | D        | Reached skill level 27 in Axes
    28 | D        | Reached XP level 19. HP: 207/207 MP: 6/43
    28 | D        | Noticed a destroyer
    28 | D        | Noticed a meat berserker
    28 | D        | Noticed an eight-headed meat hydra
    29 | D        | Noticed a meat berserker
    29 | D        | Noticed a meat berserker
    29 | D        | Noticed a meat berserker
    29 | D        | Killed a meat berserker
    30 | D        | Reached skill level 10 in Throwing
    30 | D        | Reached skill level 10 in Armour
    30 | D        | Noticed a meat berserker
    30 | D        | Noticed a sculptor of flesh
    30 | D        | Noticed a meat berserker
    31 | D        | Killed a sculptor of flesh
    31 | D        | Reached ****** piety under Makhleb
    32 | D        | Noticed a meat berserker
    32 | D        | Noticed a meat berserker
    32 | D        | Killed a meat berserker
    33 | D        | Reached skill level 27 in Unarmed Combat
    33 | D        | Noticed The Servant
    33 | D        | Killed a meat berserker
    33 | D        | Killed a destroyer
    33 | D        | Noticed a meat berserker
    34 | D        | Reached XP level 20. HP: 154/216 MP: 8/49
    34 | D        | Killed a meat berserker
    35 | D        | Reached skill level 27 in Spellcasting
    35 | D        | Killed a meat berserker
    35 | D        | Noticed a meat berserker
    36 | D        | Reached skill level 27 in Dodging
    36 | D        | Noticed a destroyer
    36 | D        | Noticed a meat berserker
    37 | D        | Annihilated by a destroyer

Illustrated notes

Levels and vault maps discovered:
D:        meatsprint

Skill      XL: |  1  2  3  4  5  6  7  8  9 10 11 12 13 14 15 16 17 18 19 20 |
---------------+-------------------------------------------------------------+-----
Fighting       | 10 12 15 17 21 22 27 | 27.0
Throwing       | 3 4 5 6 7 9 13 17 | 17.2
Armour         | 3 4 5 6 7 9 12 17 | 17.0
Dodging        | 8 10 12 13 15 17 19 24 27 | 27.0
Unarmed Combat | 10 12 14 15 18 19 21 24 27 | 27.0
Spellcasting   | 9 11 13 14 17 18 20 21 26 27 | 27.0
Translocations | 16 20 22 25 27 | 27.0
Axes           | 4 8 11 16 18 23 27 | 27.0

Action                     |  1- 3 |  4- 6 |  7- 9 | 10-12 | 13-15 | 16-18 | 19-21 || total
---------------------------+-------+-------+-------+-------+-------+-------+-------++-------
  Melee: Executioner's axe |     1 |       |       |     2 |     5 |     7 |     6 ||    21
  Dodge: Dodged            |       |       |       |       |       |       |     1 ||     1

Table legend: (Time is in decaauts)
 A = Elapsed time spent in this place.
 B = Non-inter-level travel time spent in this place.
 C = Inter-level travel time spent in this place.
 D = Time resting spent in this place.
 E = Time spent auto-exploring this place.
 F = Levels seen in this place.
 G = Mean time per level.
                   A        B        C        D        E       F      G
               +--------+--------+--------+--------+--------+-----+--------+
         Total |     37 |     37 |      0 |      0 |      0 |   1 |   37.0 |
       Dungeon |     37 |     37 |      0 |      0 |      0 |   1 |   37.0 |
               +--------+--------+--------+--------+--------+-----+--------+

Top non-repeatable levels by time:
       D: 37 daAuts
